 Dungeon Crawl Stone Soup version 0.29-a0-1008-g949cc1d0fb (webtiles) character file.

Game seed: 3041440664894950469

299 nicolae the Ducker (level 6, -5/42 HPs)
             Began as an Octopode Transmuter on Aug 7, 2022.
             Slain by a wraith (6 damage)
             ... in an ossuary.
             The game lasted 00:06:14 (4508 turns).

nicolae the Ducker (Octopode Transmuter)            Turns: 4508, Time: 00:06:14

Health: -5/42      AC:  1    Str:  9    XL:     6   Next: 36%
Magic:  9/9        EV: 14    Int: 18    God:
Gold:   178        SH:  0    Dex: 12    Spells: 3/9 levels left

rFire   . . .      SeeInvis .     - Unarmed
rCold   . . .      Faith    .   (no shield)
rNeg    . . .      Spirit   .   (helmet currently unavailable)
rPois   .          Reflect  .   (no amulet)
rElec   .          Harm     .   (no ring)
rCorr   .          Rampage  .   (no ring)
Will    .....                   (no ring)
Stlth   ++........              (no ring)
HPRegen 0.14/turn               (no ring)
MPRegen 0.11/turn               (no ring)
                                (no ring)
                                (no ring)

@: appendages, hasted and slowed
A: tentacle spike 3, almost no armour, amphibious, 8 rings, camouflage 1,
gelatinous body 1, (nimble swimmer 1), tentacles
a: End Transformation


You were in an ossuary.
One of your tentacles had grown a beastly spike.
You visited 1 branch of the dungeon, and saw 4 of its levels.
You also visited: Ossuary.

You collected 178 gold pieces.

Inventory:

Hand Weapons
 m - a +0 short sword of venom
Missiles
 n - 2 atropa-tipped darts
 o - a throwing net
Wands
 t - a wand of flame (10)
 v - a wand of iceblast (8)
 w - a wand of quicksilver (8)
Scrolls
 a - 4 scrolls of identify {unknown}
 b - a scroll of summoning {unknown}
 c - 2 scrolls of blinking {unknown}
 f - a scroll of amnesia {unknown}
 h - 2 scrolls of fog {unknown}
 j - a scroll of fear {unknown}
 k - 2 scrolls of teleportation {unknown}
 p - a scroll of immolation {unknown}
Potions
 d - a potion of degeneration {unknown}
 e - a potion of mutation {unknown}
 g - a potion of haste
 i - a potion of flight {unknown}
 l - a potion of resistance {unknown}
 q - a potion of lignification
 r - a potion of curing {unknown}
 s - a potion of berserk rage {unknown}
 u - a potion of attraction {unknown}


   Skills:
 + Level 3.6 Fighting
 + Level 4.0 Dodging
 - Level 3.0 Unarmed Combat
 - Level 2.0 Spellcasting
 + Level 4.0 Transmutations


You had 3 spell levels left.
You knew the following spells:

 Your Spells              Type           Power      Damage    Failure   Level
a - Beastly Appendage     Tmut           32%        N/A       3%          1
b - Wereblood             Tmut           16%        N/A       5%          2
c - Spider Form           Tmut/Pois      9%         N/A       24%         3

Your spell library contained the following spells:

 Spells                   Type           Power      Damage    Failure   Level
 Sting                    Tmut/Pois      36%        1d4       8%          1
 Sandblast                Erth           2%         2d4       19%         1
 Poisonous Vapours        Pois/Air       2%         N/A       26%         2
 Ice Form                 Ice/Tmut       9%         N/A       61%         4
 Olgreb's Toxic Radiance  Pois           1%         N/A       87%         4


Dungeon Overview and Level Annotations

Branches:
Dungeon (4/15)            Ossuary (1/1)
 Temple: D:4-7

Altars:
Xom


Innate Abilities, Weirdness & Mutations

One of your tentacles has grown a beastly spike.
You cannot wear most types of armour.
You are amphibious.
You can wear up to eight rings at the same time.
Your skin changes colour to match your surroundings (Stealth+).
Your rubbery body absorbs attacks. (AC +1, EV +1)
((You are camouflaged when in or above water. (Stealth+)))
You have tentacles for arms and can constrict up to eight enemies at once.


Message History

You start waiting.
Done waiting.
u - a green potion
v - a wand of iceblast (8)
h - 2 scrolls labelled YTAKHL MITU (gained 1)
w - a wand of quicksilver (8)
k - 2 scrolls labelled UMODDA ZUSEAB (gained 1)
a - 4 scrolls labelled GYINEW HAKUK (gained 1)
You open the door.
A wraith comes into view.
A wraith is nearby!
Casting: Wereblood (safe; 5% risk of failure)
Confirm with . or Enter, or press ? or * to list all spells.
One of your tentacles grows a vicious spike.
The wraith hits you! The wraith drains your vigour!
You feel yourself slow down.
There is an open door here.
You tentacle-slap the wraith but do no damage.
Your tentacle spike misses the wraith.
You squeeze the wraith.
The wraith is lightly damaged.
The wraith closely misses you.
You closely miss the wraith.
You pierce the wraith, but do no damage.
You squeeze the wraith.
The wraith is lightly damaged.
The wraith hits you! The wraith barely misses you.
You closely miss the wraith. You squeeze the wraith.
The wraith is moderately damaged.
The wraith hits you!
You tentacle-slap the wraith but do no damage.
You pierce the wraith, but do no damage.
The wraith is moderately damaged.
The wraith hits you. The wraith drains your vigour!
You feel as though you will be slow longer.
The wraith hits you!
* * * LOW HITPOINT WARNING * * *
The wraith drains your vigour!
You feel as though you will be slow longer.
It was a potion of haste.
You feel yourself speed up. The wraith hits you.
You die...

###############
#.............#
#.+##.###.##@.#
# #.#z#.#W#.#
#.###.###.###.#
#.............#
#.............#
#.###.....###.#
# #.....#z#.#
.###.....###.#
#.............#


You could see a wraith.

Vanquished Creatures
  A wight (Ossuary)
  Jessica (D:2)
  2 orc wizards (D:4)
  A mummy (D:4)
  7 adders
  4 gnolls (D:3)
  An adder zombie (Ossuary)
  A worm (D:2)
  A dart slug (D:3)
  3 orcs (D:4)
  7 ball pythons
  2 endoplasms (D:2)
  2 giant cockroaches
  3 goblins
  3 hobgoblins
  2 quokkas
  4 ball python skeletons (Ossuary)
  3 bats
  2 frilled lizards
  A hobgoblin skeleton (Ossuary)
  A hobgoblin zombie (Ossuary)
  7 kobolds
  A kobold zombie (D:4)
  An orc zombie (Ossuary)
  3 rats (D:1)
64 creatures vanquished.

Vanquished Creatures (others)
  3 fungi (D:2)
  2 plants (D:2)
5 creatures vanquished.

Grand Total: 69 creatures vanquished

Notes
Turn   | Place    | Note
-------+----------+-------------------------------------------
     0 | D:1      | nicolae the Octopode Transmuter began the quest for the
                  | Orb.
     0 | D:1      | Reached XP level 1. HP: 13/13 MP: 3/3
   947 | D:1      | Reached XP level 2. HP: 18/18 MP: 3/5
   950 | D:1      | Learned a level 2 spell: Wereblood
  1371 | D:2      | Noticed Jessica
  1379 | D:2      | Killed Jessica
  1380 | D:2      | Reached XP level 3. HP: 14/24 MP: 4/6
  1506 | D:2      | Learned a level 3 spell: Spider Form
  1520 | D:2      | Found a faded altar of an unknown god.
  1521 | D:2      | Found a shimmering altar of Xom.
  1534 | D:2      | Got Plato's Almanac of Terrain
  2461 | D:3      | Reached XP level 4. HP: 27/29 MP: 7/7
  2978 | D:3      | Reached XP level 5. HP: 33/35 MP: 4/8
  4018 | D:4      | Reached XP level 6. HP: 19/42 MP: 7/9
  4025 | D:4      | Found a sand-covered staircase.
  4035 | Ossuary  | Entered an ossuary
  4349 | Ossuary  | Noticed a wraith
  4349 | Ossuary  | Noticed a flying skull
  4362 | Ossuary  | Noticed a flying skull
  4496 | Ossuary  | Noticed a flying skull
  4501 | Ossuary  | Noticed a wraith
  4507 | Ossuary  | HP: 1/42 [wraith (14)]
  4508 | Ossuary  | Slain by a wraith

Illustrated notes

Levels and vault maps discovered:
D:1:      tarquinn_simple_flora_water_d, layout_basic
D:2:      layout_basic, basic_altar, shapermc_ecumenical_altar_rom_forum,
          uniq_jessica
D:3:      layout_basic
D:4:      kennysheep_six_static_rooms, layout_cave_pods,
          nicolae_ossuary_entry_giza
Ossuary:  ossuary_due_cavern

Skill      XL: |  1  2  3  4  5  6 |
---------------+-------------------+-----
Fighting       | 2 3 |  3.6
Dodging        | 3 4 |  4.0
Transmutations | 3 4 |  4.0
Unarmed Combat | |  3.0
Spellcasting   | |  2.0

Action                   |  1- 3 |  4- 6 || total
-------------------------+-------+-------++-------
Melee: Unarmed           |    65 |    92 ||   157
       Constrict         |    15 |    23 ||    38
       Tentacles         |    11 |    24 ||    35
       Kick              |    11 |    26 ||    37
       Punch             |       |     3 ||     3
 Cast: Beastly Appendage |    20 |    15 ||    35
       Wereblood         |       |     3 ||     3
  Use: Potion            |     1 |     2 ||     3
 Stab: Sleeping          |     5 |     5 ||    10
Armor: Skin              |     5 |     6 ||    11
Dodge: Dodged            |    34 |    53 ||    87

Table legend: (Time is in decaauts)
 A = Elapsed time spent in this place.
 B = Non-inter-level travel time spent in this place.
 C = Inter-level travel time spent in this place.
 D = Time resting spent in this place.
 E = Time spent auto-exploring this place.
 F = Levels seen in this place.
 G = Mean time per level.
                   A        B        C        D        E       F      G
               +--------+--------+--------+--------+--------+-----+--------+
         Total |   4499 |   4390 |    109 |   1453 |   2330 |   5 |  899.8 |
       Dungeon |   4026 |   3917 |    109 |   1147 |   2284 |   4 | 1006.5 |
       Ossuary |    472 |    472 |      0 |    306 |     46 |   1 |  472.0 |
               +--------+--------+--------+--------+--------+-----+--------+

Top non-repeatable levels by time:
     D:1: 1296 daAuts
     D:2: 1274 daAuts
     D:3: 1123 daAuts
 Ossuary: 472 daAuts
     D:4: 332 daAuts
